 Dungeon Crawl Stone Soup version 0.29-a0-1027-gcd8c55af63 (webtiles) character file.

Game seed: 6643752893595848881

49 27heaven the Ducker (level 3, -6/18 HPs)
             Began as a Spriggan Artificer on Aug 12, 2022.
             Was a Follower of Fedhas.
             Killed by divine providence
             ... invoked by an orc priest
              (12 damage)
             ... on level 3 of the Dungeon.
             The game lasted 00:04:29 (2942 turns).

27heaven the Ducker (Spriggan Artificer)            Turns: 2942, Time: 00:04:30

Health: -6/18      AC:  3    Str:  8    XL:     3   Next: 53%
Magic:  4/4        EV: 23    Int: 12    God:    Fedhas [*.....]
Gold:   138        SH:  0    Dex: 17    Spells: 2/2 levels left

rFire   . . .      SeeInvis +   i - +2 dagger (speed)
rCold   . . .      Faith    .   (no shield)
rNeg    . . .      Spirit   .   b - +0 robe
rPois   .          Reflect  .   (helmet restricted)
rElec   .          Harm     .   m - +0 cloak
rCorr   .          Rampage  .   (gloves unavailable)
Will    .....                   (boots unavailable)
Stlth   ++........              (no amulet)
HPRegen 0.06/turn               j - +4 ring of evasion
MPRegen 0.09/turn               (no ring)

@: very quick
A: very small, no large weapons, unfitting armour, see invisible, speed 3
a: Renounce Religion


You were on level 3 of the Dungeon.
You worshipped Fedhas.
Fedhas was aware of your devotion.
You visited 1 branch of the dungeon, and saw 3 of its levels.

You collected 138 gold pieces.

Inventory:

Hand Weapons
 i - a +2 dagger of speed (weapon)
Armour
 b - a +0 robe (worn)
 m - a +0 cloak (worn)
Jewellery
 j - a +4 ring of evasion (left hand)
Wands
 c - a wand of flame (15) (quivered)
 d - a wand of charming (15)
 e - a wand of iceblast (9)
Scrolls
 f - a scroll of fear {unknown}
 g - 6 scrolls of identify {unknown}
 k - a scroll of amnesia {unknown}
 l - 5 scrolls of teleportation {unknown}
Potions
 a - a potion of lignification {unknown}
 h - 3 potions of curing {unknown}


   Skills:
 + Level 1.9 Fighting
 + Level 1.1 Short Blades
 + Level 4.3 Dodging
 - Level 1.5 Stealth
 - Level 4.0 Evocations


You had 2 spell levels left.
You didn't know any spells.
Your spell library was empty.

Dungeon Overview and Level Annotations

Branches:
Dungeon (3/15)

Altars:
Ashenzari
Elyvilon
Fedhas


Innate Abilities, Weirdness & Mutations

You are very small and have problems with some larger weapons.
You are too small for most types of armour.
You have supernaturally acute eyesight. (SInv)
You cover ground extremely quickly. (Speed+++)


Message History

There is an open door here.
l - 5 scrolls labelled QOQAEX XOYRE (gained 1)
You enter the shallow water.
Moving in this stuff is going to be slow.
An orc comes into view. It is wielding a +0 dagger.
Found a leather armour.
Found a faded altar of an unknown god.
A rat comes into view.
Found a stone staircase leading down.
There is a fountain of sparkling water here.
There is a faded altar of an unknown god here.
You cannot tell which god this altar belongs to.
Convert to them anyway?
Fedhas accepts your prayer! Fedhas welcomes you!
The plants of the dungeon cease their hostilities.
You walk carefully through the plants.
The rat bites the plant!
The plant begins to die.
The orc shouts!
You hear a shout! x2
You walk carefully through the plants.
An orc comes into view. It is wielding a +0 mace.
The orc barely misses you.
You closely miss the orc. The orc misses you.
You barely miss the orc.
A nearby plant withers and dies.
The orc hits the plant with a +0 mace.
The plant begins to die.
The orc splashes around in the water.
The orc completely misses the plant.
The rat bites something.
You walk carefully through the plants.
An orc priest comes into view. It is wielding a +0 whip.
The orc priest shouts!
The orc splashes around in the water.
You barely miss the orc.
The rat bites something.
The orc priest mumbles some strange prayers to Beogh against you.
Beogh smites you!
Ouch! That really hurt!
You closely miss the orc.
The orc priest invokes the aid of Beogh against you.
Beogh smites you!
Ouch! That really hurt!
You die...
Fedhas appreciates your contribution to the ecosystem.

.>..###.###'###.....##.
#.. #..........#####.
#.#####.....##### #.
#....~P....# ##
#.PP.....P.##
#PP#.P.P..P...## .
#P..⌠.P.....#
#...⌠⌠~.......
#PP@.P......##
#.ooo#.#..#....##
.....Po#_#[.#......
.###...######...#.#
#P.. ..##.# #... .#
.... .....


You could see an orc priest and 2 orcs.

Vanquished Creatures
  A worm (D:2)
  A dart slug (D:1)
  9 ball pythons
  5 endoplasms
  2 giant cockroaches
  2 goblins
  4 hobgoblins
  2 jackals (D:2)
  4 quokkas
  2 bats
  4 frilled lizards (D:1)
  2 rats (D:1)
38 creatures vanquished.

Vanquished Creatures (others)
  2 plants (D:3)
2 creatures vanquished.

Grand Total: 40 creatures vanquished

Notes
Turn   | Place    | Note
-------+----------+-------------------------------------------
     0 | D:1      | 27heaven the Spriggan Artificer began the quest for the
                  | Orb.
     0 | D:1      | Reached XP level 1. HP: 9/9 MP: 2/2
   333 | D:1      | Reached skill level 1 in Fighting
   787 | D:1      | Reached XP level 2. HP: 10/14 MP: 3/3
  1379 | D:1      | Reached XP level 3. HP: 17/18 MP: 4/4
  2021 | D:2      | Reached skill level 1 in Short Blades
  2860 | D:3      | Found a broken altar of Ashenzari.
  2887 | D:3      | Found a white marble altar of Elyvilon.
  2921 | D:3      | Found a faded altar of an unknown god.
  2929 | D:3      | Prayed at the altar of an unknown god.
  2929 | D:3      | Became a worshipper of Fedhas Madash
  2929 | D:3      | Reached * piety under Fedhas
  2942 | D:3      | Killed from afar by an orc priest

Illustrated notes

Levels and vault maps discovered:
D:1:      onia_arrival_mini_maze_b, layout_rooms, interstate_on_off
D:2:      layout_basic, kennysheep_nondescript
D:3:      layout_loops_ring, nicolae_ashenzari_panopticon,
          amcnicky_altar_gilded, mainiacjoe_overflow_24_doors,
          okawaru_ov_weapons_minmay, fedhas_altar_fruit_tree, serial_shops,
          nicolae_diamond_shop, shapermc_ecumenical_altar_mp_ritualfount

Skill      XL: |  1  2  3 |
---------------+----------+-----
Fighting       | 1 |  1.9
Dodging        | 4 |  4.3
Short Blades   | 1 |  1.1
Stealth        | |  1.5
Evocations     | |  4.0

Action                   || total
-------------------------++-------
Melee: Dagger            ||   153
       Club              ||     9
 Stab: Sleeping          ||     3
Armor: Robe              ||    12
Dodge: Dodged            ||   108

Table legend: (Time is in decaauts)
 A = Elapsed time spent in this place.
 B = Non-inter-level travel time spent in this place.
 C = Inter-level travel time spent in this place.
 D = Time resting spent in this place.
 E = Time spent auto-exploring this place.
 F = Levels seen in this place.
 G = Mean time per level.
                   A        B        C        D        E       F      G
               +--------+--------+--------+--------+--------+-----+--------+
         Total |   2316 |   2251 |     65 |    839 |    980 |   3 |  772.0 |
       Dungeon |   2316 |   2251 |     65 |    839 |    980 |   3 |  772.0 |
               +--------+--------+--------+--------+--------+-----+--------+

Top non-repeatable levels by time:
     D:1: 1598 daAuts
     D:2: 655 daAuts
     D:3: 62 daAuts
